HSSL
DUBLIN JEROME HS CELTICS @ SANTA FE HS CHIEFS
05/12/2025
 
TOP OF THE 1ST
Dublin Jerome HS Celtics batting - Pitching for Santa Fe HS Chiefs : RHP Herman Matthews
Pitching: RHP Herman Matthews
Batting: LHB Ángel Santos 0-0: Ball
1-0: SINGLE (Groundball, 56D)
Batting: LHB Patrick Ferguson 0-0: Ball
1-0: Ball
2-0: Ball
3-0: Base on Balls
Ángel Santos to second
Batting: RHB Norm Gunn 0-0: Ball
1-0: Swinging Strike
1-1: Ball
2-1: Ball
3-1: Called Strike
3-2: Base on Balls
Ángel Santos to third
Patrick Ferguson to second
Batting: LHB Paul Holcomb 0-0: Ball
1-0: Ball
2-0: Called Strike
2-1: Swinging Strike
2-2: Strikes out swinging
Batting: SHB Pete Jones 0-0: Foul Ball, location: 2F
0-1: Fly out, F7 (Line Drive, 78M)
0-1: Lined into DP, 7-4 (Line Drive, 78M)
Top of the 1st over - 0 run(s), 1 hit(s), 0 error(s), 2 left on base; Dublin Jerome HS 0 - Santa Fe HS 0
BOTTOM OF THE 1ST
Santa Fe HS Chiefs batting - Pitching for Dublin Jerome HS Celtics : RHP Denny Koch
Pitching: RHP Denny Koch
Batting: RHB William Todd 0-0: Ball
1-0: Foul Ball, location: 2F
1-1: Foul Ball, location: 2F
1-2: Strikes out swinging
Batting: RHB Thomas Barnes 0-0: Ball
1-0: Ball
2-0: Ball
3-0: Called Strike
3-1: Called Strike
3-2: Foul Ball, location: 2F
3-2: Strikes out swinging
Batting: SHB Oliver Riley 0-0: Foul Ball, location: 2F
0-1: Ball
1-1: Ball
2-1: Swinging Strike
2-2: SINGLE (Line Drive, 34D)
Batting: LHB Derrek Robinson 0-0: Called Strike
0-1: Ball
1-1: SINGLE (Groundball, 6MD) (infield hit)
Oliver Riley to second
Batting: LHB Adrian Neal 0-0: Ground out 4-3 (Groundball, 4)
Bottom of the 1st over - 0 run(s), 2 hit(s), 0 error(s), 2 left on base; Dublin Jerome HS 0 - Santa Fe HS 0
TOP OF THE 2ND
Dublin Jerome HS Celtics batting - Pitching for Santa Fe HS Chiefs : RHP Herman Matthews
Batting: RHB Deron McClendon 0-0: Ball
1-0: Ground out 6-3 (Groundball, 6)
Batting: RHB Luis Árias 0-0: Called Strike
0-1: SOLO HOME RUN (Flyball, 7LD), Distance : 362 ft
Batting: RHB David Silva 0-0: Foul Ball, location: 2F
0-1: Ball
1-1: SOLO HOME RUN (Flyball, 89XD), Distance : 437 ft
Batting: RHB Jesús Pérez 0-0: Called Strike
0-1: Swinging Strike
0-2: Fly out, F8 (Flyball, 78M)
Batting: LHB Ángel Santos 0-0: SINGLE (Flyball, 7S)
Batting: LHB Patrick Ferguson 0-0: Ball
1-0: Ball
2-0: Ball
3-0: Base on Balls
Ángel Santos to second
Batting: RHB Norm Gunn 0-0: Called Strike
0-1: Ground out 1-3 (Groundball, 15S)
Top of the 2nd over - 2 run(s), 3 hit(s), 0 error(s), 2 left on base; Dublin Jerome HS 2 - Santa Fe HS 0
BOTTOM OF THE 2ND
Santa Fe HS Chiefs batting - Pitching for Dublin Jerome HS Celtics : RHP Denny Koch
Batting: SHB Ernest Hood 0-0: Ball
1-0: Ball
2-0: Ball
3-0: Called Strike
3-1: Foul Ball, location: 2F
3-2: Base on Balls
Batting: LHB Paul Starr 0-0: Called Strike
Ernest Hood steals 2nd base
0-1: Ball
1-1: Foul Ball, location: 2F
1-2: Strikes out swinging
Batting: RHB Stan Murray 0-0: Ball
1-0: Fly out, F7 (Line Drive, 7S)
Batting: RHB Brady Holland 0-0: Fly out, F9 (Flyball, 9M)
Bottom of the 2nd over - 0 run(s), 0 hit(s), 0 error(s), 1 left on base; Dublin Jerome HS 2 - Santa Fe HS 0
TOP OF THE 3RD
Dublin Jerome HS Celtics batting - Pitching for Santa Fe HS Chiefs : RHP Herman Matthews
Batting: LHB Paul Holcomb 0-0: Ball
1-0: Called Strike
1-1: Foul Ball, location: 2F
1-2: Ball
2-2: Fly out, F3 (Line Drive, 34)
Batting: SHB Pete Jones 0-0: SINGLE (Groundball, 6D)
Batting: RHB Deron McClendon 0-0: Called Strike
0-1: SINGLE (Groundball, 56D)
Pete Jones to second
Batting: RHB Luis Árias 0-0: Fielders Choice at 2nd, 6-4 (Groundball, 56)
Pete Jones to third
Batting: RHB David Silva 0-0: 3-RUN HOME RUN (Flyball, 7D), Distance : 406 ft
Batting: RHB Jesús Pérez 0-0: Ball
1-0: Called Strike
1-1: Called Strike
1-2: Foul Ball, location: 2F
1-2: Ball
2-2: Ball
3-2: Strikes out swinging
Top of the 3rd over - 3 run(s), 3 hit(s), 0 error(s), 0 left on base; Dublin Jerome HS 5 - Santa Fe HS 0
BOTTOM OF THE 3RD
Santa Fe HS Chiefs batting - Pitching for Dublin Jerome HS Celtics : RHP Denny Koch
Batting: RHB William Todd 0-0: Called Strike
0-1: Ball
1-1: Ball
2-1: Ball
3-1: Ground out 1-3 (Groundball, 13S)
Batting: RHB Thomas Barnes 0-0: Ball
1-0: Foul Ball, location: 2F
1-1: Foul Ball, location: 2F
1-2: Reached on error, E6 (Groundball, 4M)
Batting: SHB Oliver Riley 0-0: Grounds into double play, 5-4-3 (Groundball, 5)
Bottom of the 3rd over - 0 run(s), 0 hit(s), 1 error(s), 0 left on base; Dublin Jerome HS 5 - Santa Fe HS 0
TOP OF THE 4TH
Dublin Jerome HS Celtics batting - Pitching for Santa Fe HS Chiefs : RHP Herman Matthews
Batting: LHB Ángel Santos 0-0: Ground out 4-3 (Groundball, 4)
Batting: LHB Patrick Ferguson 0-0: Swinging Strike
0-1: Foul Ball, location: 2F
0-2: Strikes out swinging
Batting: RHB Norm Gunn 0-0: DOUBLE (Line Drive, 7D)
Batting: LHB Paul Holcomb 0-0: Ball
1-0: SINGLE (Groundball, 23) (infield hit)
Norm Gunn to third
Batting: SHB Pete Jones 0-0: Ball
1-0: Foul Ball, location: 2F
1-1: Ground out 6-3 (Groundball, 6)
Top of the 4th over - 0 run(s), 2 hit(s), 0 error(s), 2 left on base; Dublin Jerome HS 5 - Santa Fe HS 0
BOTTOM OF THE 4TH
Santa Fe HS Chiefs batting - Pitching for Dublin Jerome HS Celtics : RHP Denny Koch
Batting: LHB Derrek Robinson 0-0: Called Strike
0-1: Swinging Strike
0-2: Ball
1-2: Ball
2-2: Ball
3-2: Ground out 6-3 (Groundball, 6)
Batting: LHB Adrian Neal 0-0: Foul Ball, location: 2F
0-1: Foul Ball, location: 2F
0-2: Ball
1-2: Ball
2-2: Fly out, F9 (Flyball, 9D)
Batting: SHB Ernest Hood 0-0: Ball
1-0: Foul Ball, location: 2F
1-1: Ball
2-1: Ball
3-1: Base on Balls
Batting: LHB Paul Starr 0-0: Called Strike
0-1: Foul Ball, location: 2F
0-2: Ball
1-2: Strikes out swinging
Bottom of the 4th over - 0 run(s), 0 hit(s), 0 error(s), 1 left on base; Dublin Jerome HS 5 - Santa Fe HS 0
TOP OF THE 5TH
Dublin Jerome HS Celtics batting - Pitching for Santa Fe HS Chiefs : RHP Herman Matthews
Batting: RHB Deron McClendon 0-0: Ball
1-0: Ball
2-0: Called Strike
2-1: Ball
3-1: Called Strike
3-2: Base on Balls
Batting: RHB Luis Árias 0-0: Called Strike
0-1: SINGLE (Groundball, 6MD)
Deron McClendon to second
Batting: RHB David Silva 0-0: Called Strike
0-1: Swinging Strike
0-2: Foul Ball, location: 2F
0-2: Strikes out swinging
Batting: RHB Jesús Pérez 0-0: Ball
1-0: Called Strike
1-1: Ground out 5-3 (Groundball, 5S)
Deron McClendon to third
Luis Árias to second
Batting: LHB Ángel Santos 0-0: Ball
1-0: Fly out, F6 (Line Drive, 6)
Top of the 5th over - 0 run(s), 1 hit(s), 0 error(s), 2 left on base; Dublin Jerome HS 5 - Santa Fe HS 0
BOTTOM OF THE 5TH
Santa Fe HS Chiefs batting - Pitching for Dublin Jerome HS Celtics : RHP Denny Koch
Batting: RHB Stan Murray 0-0: Fly out, F8 (Flyball, 8LM)
Batting: RHB Brady Holland 0-0: Called Strike
0-1: Swinging Strike
0-2: Foul Ball, location: 2F
0-2: Strikes out swinging
Batting: RHB William Todd 0-0: Called Strike
0-1: Ball
1-1: Swinging Strike
1-2: Fly out, F9 (Flyball, 9M)
Bottom of the 5th over - 0 run(s), 0 hit(s), 0 error(s), 0 left on base; Dublin Jerome HS 5 - Santa Fe HS 0
TOP OF THE 6TH
Dublin Jerome HS Celtics batting - Pitching for Santa Fe HS Chiefs : RHP Herman Matthews
Pitching: RHP Jorge Gómez
Batting: LHB Patrick Ferguson 0-0: Ball
1-0: Foul Ball, location: 2F
1-1: Fly out, F8 (Flyball, 8LD)
Batting: RHB Norm Gunn 0-0: Called Strike
0-1: Called Strike
0-2: Ball
1-2: Ball
2-2: Ball
3-2: Base on Balls
Batting: LHB Paul Holcomb 0-0: Called Strike
0-1: Ball
1-1: Ball
2-1: Ball
3-1: Called Strike
3-2: Fly out, F8 (Flyball, 8RXD)
Batting: SHB Pete Jones 0-0: Foul Ball, location: 2F
0-1: Swinging Strike
0-2: Ball
1-2: Ground out 3-1 (Groundball, 34)
Top of the 6th over - 0 run(s), 0 hit(s), 0 error(s), 1 left on base; Dublin Jerome HS 5 - Santa Fe HS 0
BOTTOM OF THE 6TH
Santa Fe HS Chiefs batting - Pitching for Dublin Jerome HS Celtics : RHP Denny Koch
Batting: RHB Thomas Barnes 0-0: Called Strike
0-1: Foul Ball, location: 2F
0-2: Ball
1-2: Ground out 6-3 (Groundball, 6)
Batting: SHB Oliver Riley 0-0: Foul Ball, location: 2F
0-1: Ball
Single, Error in OF, E8, batter to second base
Batting: LHB Derrek Robinson 0-0: Called Strike
0-1: Ball
1-1: Ball
2-1: Ground out 6-3 (Groundball, 6)
Oliver Riley to third
Pitching: RHP Theron Little
Batting: LHB Adrian Neal 0-0: Ball
1-0: Ground out 1-3 (Groundball, 15)
Bottom of the 6th over - 0 run(s), 1 hit(s), 1 error(s), 1 left on base; Dublin Jerome HS 5 - Santa Fe HS 0
TOP OF THE 7TH
Dublin Jerome HS Celtics batting - Pitching for Santa Fe HS Chiefs : RHP Jorge Gómez
Batting: RHB Deron McClendon 0-0: Ball
1-0: Called Strike
1-1: Ball
2-1: Swinging Strike
2-2: Ball
3-2: Foul Ball, location: 2F
3-2: Foul Ball, location: 2F
3-2: Base on Balls
Batting: RHB Luis Árias 0-0: Called Strike
0-1: Ball
1-1: Ground out 4-3 (Groundball, 4M)
Deron McClendon to second
Batting: RHB David Silva 0-0: Called Strike
0-1: Ball
1-1: Ball
2-1: Ball
3-1: Foul Ball, location: 2F
3-2: Foul Ball, location: 2F
3-2: Foul Ball, location: 2F
3-2: Base on Balls
Batting: RHB Jesús Pérez 0-0: Ball
1-0: Called Strike
1-1: Ball
2-1: Ball
3-1: Foul Ball, location: 2F
3-2: Base on Balls
Deron McClendon to third
David Silva to second
Batting: LHB Ángel Santos 0-0: Called Strike
0-1: Swinging Strike
0-2: Ball
1-2: Foul Ball, location: 2F
1-2: Ball
2-2: Strikes out swinging
Batting: LHB Patrick Ferguson 0-0: Ball
1-0: Called Strike
1-1: Ball
2-1: Ball
3-1: Base on Balls
Deron McClendon scores
David Silva to third
Jesús Pérez to second
Batting: RHB Norm Gunn 0-0: SINGLE (Flyball, 7LS)
David Silva scores
Jesús Pérez to third
Patrick Ferguson to second
Batting: LHB Paul Holcomb 0-0: Foul Ball, location: 2F
0-1: Ball
1-1: DOUBLE (Flyball, 8LXD)
Jesús Pérez scores
Patrick Ferguson scores
Norm Gunn to third
Runner from 3rd tries for Home, SAFE, no throw or cutoff
Pitching: RHP Benjamin Bell
Batting: SHB Pete Jones 0-0: Foul Ball, location: 2F
0-1: Foul Ball, location: 2F
0-2: Foul Ball, location: 2F
0-2: Fly out, F5 (Popup, 5F)
Top of the 7th over - 5 run(s), 2 hit(s), 0 error(s), 1 left on base; Dublin Jerome HS 10 - Santa Fe HS 0
BOTTOM OF THE 7TH
Santa Fe HS Chiefs batting - Pitching for Dublin Jerome HS Celtics : RHP Theron Little
Batting: SHB Ernest Hood 0-0: Called Strike
0-1: Ball
1-1: Ball
2-1: Foul Ball, location: 2F
2-2: Ball
3-2: Base on Balls
Batting: LHB Paul Starr 0-0: Fly out, F7 (Line Drive, 78S)
Batting: RHB Stan Murray 0-0: Called Strike
0-1: Grounds into double play, 5-4-3 (Groundball, 5)
Bottom of the 7th over - 0 run(s), 0 hit(s), 0 error(s), 0 left on base; Dublin Jerome HS 10 - Santa Fe HS 0
TOP OF THE 8TH
Dublin Jerome HS Celtics batting - Pitching for Santa Fe HS Chiefs : RHP Benjamin Bell
Batting: RHB Deron McClendon 0-0: Ball
1-0: Ball
2-0: Called Strike
Single, Error in OF, E9, batter to second base
Batting: RHB Luis Árias 0-0: SINGLE (Groundball, 6MD)
Deron McClendon to third
Runner from 3rd tries for Home, SAFE, throw made home
Batting: RHB David Silva 0-0: Bunted foul
0-1: Reached on error, E4 (Groundball, 4MS)
Luis Árias to third
Batting: RHB Jesús Pérez 0-0: Called Strike
0-1: Ball
1-1: Ball
2-1: Ball
3-1: Foul Ball, location: 2F
3-2: Base on Balls
Batting: LHB Ángel Santos 0-0: Swinging Strike
0-1: Called Strike
0-2: Ball
1-2: Foul Ball, location: 2F
1-2: Fly out, F7 (Flyball, 7S)
Batting: LHB Patrick Ferguson 0-0: Ball
1-0: Ball
2-0: Swinging Strike
2-1: Ball
3-1: SINGLE (Line Drive, 9LS)
Luis Árias scores
David Silva to third
Jesús Pérez to second
Batting: RHB Norm Gunn 0-0: Ball
1-0: Swinging Strike
1-1: Ball
2-1: Swinging Strike
2-2: Ball
3-2: Foul Ball, location: 2F
3-2: Strikes out swinging
Batting: LHB Paul Holcomb 0-0: Ball
1-0: Called Strike
1-1: Foul Ball, location: 2F
1-2: Foul Ball, location: 2F
1-2: Foul Ball, location: 2F
1-2: Foul Ball, location: 2F
1-2: Ball
2-2: Foul Ball, location: 2F
2-2: Foul Ball, location: 2F
2-2: Foul Ball, location: 2F
2-2: Foul Ball, location: 2F
2-2: SINGLE (Groundball, 5S) (infield hit)
David Silva scores
Jesús Pérez to third
Patrick Ferguson to second
Batting: SHB Pete Jones 0-0: Called Strike
0-1: Ball
1-1: Fly out, F8 (Flyball, 8RD)
Top of the 8th over - 3 run(s), 4 hit(s), 2 error(s), 3 left on base; Dublin Jerome HS 13 - Santa Fe HS 0
BOTTOM OF THE 8TH
Santa Fe HS Chiefs batting - Pitching for Dublin Jerome HS Celtics : RHP Theron Little
Pinch Hitting: LHB William Mitchell 0-0: Called Strike
0-1: Reached on error, E4 (Groundball, 4)
Batting: RHB William Todd 0-0: Ball
1-0: Foul Ball, location: 2F
1-1: Called Strike
1-2: Ball
2-2: Foul Ball, location: 2F
2-2: Ball
3-2: Foul Ball, location: 2F
3-2: Ground out 5-3 (Groundball, 56)
William Mitchell to second
Batting: RHB Thomas Barnes 0-0: Ball
1-0: Ball
2-0: Ball
3-0: Base on Balls
Batting: SHB Oliver Riley 0-0: Ball
1-0: Swinging Strike
1-1: Grounds into double play, 4-6-3 (Groundball, 4)
Bottom of the 8th over - 0 run(s), 0 hit(s), 1 error(s), 1 left on base; Dublin Jerome HS 13 - Santa Fe HS 0
TOP OF THE 9TH
Dublin Jerome HS Celtics batting - Pitching for Santa Fe HS Chiefs : RHP Benjamin Bell
Now at 2B: William Mitchell
Batting: RHB Deron McClendon 0-0: Called Strike
0-1: Swinging Strike
0-2: Fly out, F8 (Flyball, 8LM)
Pitching: RHP Jorge Morales
Batting: RHB Luis Árias 0-0: Ball
1-0: Foul Ball, location: 2F
1-1: Called Strike
1-2: SINGLE (Flyball, 8LS)
Batting: RHB David Silva 0-0: Ball
Wild Pitch!
Luis Árias to second
1-0: Ball
2-0: Ball
Wild Pitch!
Luis Árias to third
3-0: Base on Balls
Batting: RHB Jesús Pérez 0-0: Foul Ball, location: 2F
0-1: Foul Ball, location: 2F
0-2: Foul Ball, location: 2F
0-2: Strikes out swinging
Batting: LHB Ángel Santos 0-0: Ball
1-0: Foul Ball, location: 2F
1-1: Foul Ball, location: 2F
1-2: Ball
2-2: Ground out U3 (Groundball, 3S)
Top of the 9th over - 0 run(s), 1 hit(s), 0 error(s), 2 left on base; Dublin Jerome HS 13 - Santa Fe HS 0
BOTTOM OF THE 9TH
Santa Fe HS Chiefs batting - Pitching for Dublin Jerome HS Celtics : RHP Theron Little
Batting: LHB Derrek Robinson 0-0: Ball
1-0: SINGLE (Groundball, 34D)
Batting: LHB Adrian Neal 0-0: Swinging Strike
0-1: Ball
1-1: Ball
Passed Ball!
Derrek Robinson to second
2-1: Fly out, F8 (Flyball, 8RM)
Batting: SHB Ernest Hood 0-0: Ball
1-0: Foul Ball, location: 2F
1-1: Ball
2-1: Ball
3-1: Called Strike
3-2: Foul Ball, location: 2F
3-2: Base on Balls
Pitching: LHP Ryan Ballard
Batting: LHB Paul Starr 0-0: Ball
1-0: Ball
2-0: Ball
3-0: Base on Balls
Derrek Robinson to third
Ernest Hood to second
Batting: RHB Stan Murray 0-0: Ball
1-0: Called Strike
1-1: Foul Ball, location: 2F
1-2: Foul Ball, location: 2F
1-2: Strikes out looking
Batting: LHB William Mitchell 0-0: Ball
1-0: Fly out, F6 (Popup, 5)
Bottom of the 9th over - 0 run(s), 1 hit(s), 0 error(s), 3 left on base; Dublin Jerome HS 13 - Santa Fe HS 0
This league is powered by Out of the Park Baseball, the baseball management simulation game for PC, Mac and Linux
Tuesday, August 2nd, 2016 - OOTP Baseball 16.8 Build 38